 Dungeon Crawl Stone Soup version 0.28-a0-1213-g0243856f03 (webtiles) character file.

Game seed: 8459141667007038472

540 frimble the Slasher (level 7, -7/50 HPs)
             Began as a Demonspawn Warper on Dec 22, 2021.
             Mangled by a black bear (8 damage)
             ... on level 5 of the Dungeon.
             The game lasted 00:04:33 (4565 turns).

frimble the Slasher (Demonspawn Warper)             Turns: 4565, Time: 00:04:34

Health: -7/50      AC:  6    Str: 12    XL:     7   Next: 5%
Magic:  5/10       EV: 12    Int: 16    God:
Gold:   55         SH:  0    Dex: 12    Spells: 3/10 levels left

rFire   + . .      SeeInvis .   a - +1 falchion
rCold   . . .      Faith    .   (no shield)
rNeg    . . .      Spirit   .   b - +0 leather armour
rPois   .          Reflect  .   (no helmet)
rElec   .          Harm     .   (no cloak)
rCorr   .          Rampage  .   (no gloves)
Will    .....                   (no boots)
Stlth   +.........              (no amulet)
HPRegen 0.16/turn               i - ring of protection from fire
MPRegen 0.12/turn               (no ring)

@: brilliant, very slightly contaminated
A: claws 1, yellow scales 2, powered by death 1
a: no special abilities


You were on level 5 of the Dungeon.
You visited 1 branch of the dungeon, and saw 5 of its levels.

You collected 55 gold pieces.

Inventory:

Hand Weapons
 a - a +1 falchion (weapon)
Armour
 b - a +0 leather armour (worn)
 m - a +0 kite shield
Jewellery
 g - a ring of fire
 i - a ring of protection from fire (left claw)
Scrolls
 c - 2 scrolls of blinking
 e - a scroll of teleportation
 f - a scroll of enchant weapon
 h - a scroll of vulnerability
Potions
 d - a potion of curing
 j - 2 potions of cancellation {unknown}
 k - a potion of haste {unknown}
 n - a potion of might {unknown}


   Skills:
 - Level 2.0 Fighting
 + Level 4.6 Long Blades
 - Level 0.8 Throwing
 - Level 0.8 Armour
 - Level 2.8 Dodging
 - Level 2.0 Spellcasting
 - Level 2.6 Translocations
 + Level 3.0 Transmutations
 + Level 3.0 Ice Magic


You had 3 spell levels left.
You knew the following spells:

 Your Spells              Type           Power      Damage    Failure   Level
a - Apportation           Tloc           30%        N/A       9%          1
b - Blink                 Tloc           30%        N/A       13%         2
c - Ice Form              Ice/Tmut       17%        N/A       58%         4

Your spell library contained the following spells:

 Spells                   Type           Power      Damage    Failure   Level
 Wereblood                Tmut           17%        N/A       12%         2
 Animate Skeleton         Necr           4%         N/A       26%         1
 Summon Small Mammal      Summ           8%         N/A       26%         1
 Gell's Gravitas          Tloc           15%        N/A       26%         3
 Lesser Beckoning         Tloc           15%        N/A       26%         3
 Teleport Other           Tloc           15%        N/A       26%         3
 Sublimation of Blood     Necr           2%         N/A       36%         2
 Hailstorm                Conj/Ice       9%         3d4       80%         4
 Manifold Assault         Tloc           15%        N/A       94%         5
 Simulacrum               Ice/Necr       4%         N/A       100%        6
 Summon Hydra             Summ           1%         N/A       100%        7


Dungeon Overview and Level Annotations

Branches:
Dungeon (5/15)
 Temple: D:4-7

Altars:
The Shining One

Shops:
D:1 :   D:2 *

Annotations:
D:4 2 transporters, 1 runed translucent door, Crazy Yiuf


Innate Abilities, Weirdness & Mutations

You have sharp fingernails.
You are mostly covered in yellow scales. (AC +3)
You regenerate a little health from kills.


Message History

Nothing appears to happen.
Casting: Ice Form (extremely dangerous; 58% risk of failure)
Confirm with . or Enter, or press ? or * to list all spells.
The spell is extremely dangerous to miscast (58% risk of failure)!
Continue anyway?
You feel a surge of power!
You miscast Ice Form.
Nothing appears to happen.
You feel stable enough to blink again. The black bear misses you.
The black bear barely misses you. x2
You hit the black bear.
The black bear is severely wounded.
The black bear barely misses you.
The black bear claws you but does no damage. x2
You barely miss the black bear.
The black bear is severely wounded.
The black bear bites you. The black bear claws you.
The black bear claws you but does no damage.
The black bear goes berserk!
You hit the black bear.
The black bear is almost dead.
The black bear bites you. The black bear claws you. x2
You closely miss the black bear.
The black bear is almost dead.
The black bear bites you.
* * * LOW HITPOINT WARNING * * *
The black bear barely misses you. x2; The black bear bites you.
* * * LOW HITPOINT WARNING * * *
The black bear claws you but does no damage. x2
You hit the black bear but do no damage.
The black bear is almost dead.
The black bear bites you.
* * * LOW HITPOINT WARNING * * *
The black bear closely misses you. The black bear claws you.
* * * LOW HITPOINT WARNING * * *
You barely miss the black bear.
The black bear is almost dead.
The black bear barely misses you. The black bear claws you.
* * * LOW HITPOINT WARNING * * *
The black bear claws you.
* * * LOW HITPOINT WARNING * * *
The black bear bites you!
You die...

.).##.###.###
#..... ##.#
#.....# #.####
# #... #.#.###
#.#
#.#...##.#.#
#.#
#........#.###
#.#
#............#
#.#
#.......Z###.#
#.####
###...##h#
#..... #...
#@# #####.
##.# #.# #. ).
..# #. ...
#### #. #. #.
##


You could see a black bear (berserk) and a bullfrog skeleton.

Vanquished Creatures
  2 necrophages
  2 ogres (D:4)
  A scorpion (D:4)
  An iguana (D:3)
  A hound zombie (D:5)
  5 adders
  3 worms
  2 dart slugs
  9 endoplasms
  2 giant cockroaches
  2 goblins
  4 hobgoblins
  2 quokkas (D:2)
  7 ball pythons
  7 bats
  5 frilled lizards
  5 kobolds
  3 rats
63 creatures vanquished.

Notes
Turn   | Place    | Note
-------+----------+-------------------------------------------
     0 | D:1      | frimble the Demonspawn Warper began the quest for the Orb.
     0 | D:1      | Reached XP level 1. HP: 16/16 MP: 3/3
   129 | D:1      | Found Xootaove's Book Emporium.
   137 | D:1      | Reached skill level 2 in Long Blades
   236 | D:1      | Gained mutation: You are partially covered in yellow
                  | scales. (AC +2) [demonic ancestry]
   236 | D:1      | Reached XP level 2. HP: 22/22 MP: 5/5
   528 | D:1      | You fall into a shaft and drop 1 floor!
   629 | D:1      | Reached XP level 3. HP: 27/27 MP: 6/6
   814 | D:1      | Found a faded altar of an unknown god.
  1175 | D:2      | Learned a level 1 spell: Apportation
  1193 | D:2      | Learned a level 2 spell: Blink
  1414 | D:2      | Found Veprivih's Assorted Antiques.
  1765 | D:3      | Reached skill level 3 in Long Blades
  1990 | D:3      | Reached XP level 4. HP: 3/33 MP: 7/7
  2504 | D:3      | Learned a level 4 spell: Ice Form
  3206 | D:4      | Found a transporter.
  3212 | D:4      | Noticed a scorpion
  3224 | D:4      | Killed a scorpion
  3225 | D:4      | Reached skill level 1 in Transmutations
  3225 | D:4      | Reached skill level 1 in Ice Magic
  3225 | D:4      | Gained mutation: You are mostly covered in yellow scales.
                  | (AC +3) [demonic ancestry]
  3225 | D:4      | Reached XP level 5. HP: 20/38 MP: 5/8
  3384 | D:4      | Noticed an ogre
  3528 | D:4      | Noticed a necrophage
  3550 | D:4      | Killed a necrophage
  3551 | D:4      | Reached skill level 4 in Long Blades
  3551 | D:4      | Gained mutation: You regenerate a little health from kills.
                  | [demonic ancestry]
  3551 | D:4      | Reached XP level 6. HP: 28/44 MP: 9/9
  3707 | D:4      | Found a transporter.
  3975 | D:4      | Found a runed translucent door.
  3976 | D:4      | Noticed Crazy Yiuf
  4280 | D:5      | Entered Level 5 of the Dungeon
  4416 | D:5      | Gained mutation: You have sharp fingernails. [demonic
                  | ancestry]
  4416 | D:5      | Reached XP level 7. HP: 37/50 MP: 10/10
  4565 | D:5      | HP: 2/50 [black bear (3)]
  4565 | D:5      | Mangled by a black bear

Illustrated notes

Levels and vault maps discovered:
D:1:      zaba_arrival_water, layout_basic, serial_shops,
          nicolae_shop_statue_plus, shapermc_ecumenical_altar_petra,
          corexii_leaking_fountain, serial_park_tiny_pond, hangedman_decor_push
D:2:      layout_basic, serial_shops, nicolae_shop_overgrown_old_shop
D:3:      layout_loops_ring, nicolae_tso_swordbearing_angel, minmay_diced_spiral
D:4:      gammafunk_steamed_eel, layout_loops_ring, uniq_crazy_yiuf_cottage
D:5:      layout_loops_ring, minmay_temple_entry_nine_rooms,
          kennysheep_generic_room_15

Skill      XL: |  1  2  3  4  5  6 |
---------------+-------------------+-----
Long Blades    | 2 3 4 |  4.6
Dodging        | 2 |  2.8
Transmutations | 1 2 3 |  3.0
Ice Magic      | 1 2 3 |  3.0
Fighting       | |  2.0
Throwing       | |  0.8
Armour         | |  0.8
Spellcasting   | |  2.0
Translocations | |  2.6

Action                   |  1- 3 |  4- 6 |  7- 9 || total
-------------------------+-------+-------+-------++-------
Melee: Falchion          |   136 |    94 |    12 ||   242
Throw: Boomerang         |       |     5 |       ||     5
 Cast: Blink             |       |     2 |     1 ||     3
       Apportation       |       |     1 |       ||     1
Evoke: Wand              |       |     8 |       ||     8
  Use: Scroll            |     6 |     1 |       ||     7
       Potion            |     1 |     1 |     1 ||     3
 Stab: Sleeping          |     1 |       |       ||     1
Armor: Leather armour    |    55 |    22 |    12 ||    89
Dodge: Dodged            |    84 |    60 |    17 ||   161

Table legend: (Time is in decaauts)
 A = Elapsed time spent in this place.
 B = Non-inter-level travel time spent in this place.
 C = Inter-level travel time spent in this place.
 D = Time resting spent in this place.
 E = Time spent auto-exploring this place.
 F = Levels seen in this place.
 G = Mean time per level.
                   A        B        C        D        E       F      G
               +--------+--------+--------+--------+--------+-----+--------+
         Total |   4608 |   4417 |    191 |      0 |   3799 |   5 |  921.6 |
       Dungeon |   4608 |   4417 |    191 |      0 |   3799 |   5 |  921.6 |
               +--------+--------+--------+--------+--------+-----+--------+

Top non-repeatable levels by time:
     D:3: 1518 daAuts
     D:4: 1043 daAuts
     D:2: 926 daAuts
     D:1: 833 daAuts
     D:5: 286 daAuts
